[Event "Belt Road Women 2019"]
[Site "Shaoxing"]
[Date "2019.07.08"]
[Round "1.1"]
[White "Kosteniuk, Alexandra"]
[Black "Li, Xueyi"]
[Result "1/2-1/2"]
[ECO "B11"]
[WhiteElo "2517"]
[BlackElo "2330"]
[Annotator "ChessBase"]
[PlyCount "77"]
[EventDate "2019.07.08"]
[EventType "swiss"]
[EventCountry "CHN"]
[SourceTitle "playchess.com"]
[Source "ChessBase"]
[SourceQuality "1"]
[TimeControl "5400+30"]

1. e4 c6 2. Nf3 d5 3. Nc3 Nf6 4. e5 Ne4 5. d4 Nxc3 6. bxc3 c5 7. c4 Nc6 8. cxd5 Qxd5 9. c3 cxd4 10. cxd4 Bg4 11. Be2 Rd8 12. O-O e6 13. Bg5 Be7 14. Bxe7 Nxe7 15. Qa4+ Nc6 16. Rfb1 O-O 17. Rxb7 Qe4 18. Rb2 Nxd4 19. Nxd4 Qxd4 20. Qxd4 Rxd4 21. f3 Bf5 22. Rc1 g5 23. g4 Bg6 24. Rc7 a5 25. Kf2 Rfd8 26. Rcb7 Bd3 27. Ra7 Bxe2 28. Rxe2 R8d5 29. Kg3 Rc4 30. h4 gxh4+ 31. Kxh4 Rc3 32. f4 Rf3 33. Kg5 Kg7 34. f5 h6+ 35. Kh4 Rdd3 36. Rh2 exf5 37. e6 fxg4 38. exf7 Rxf7 39. Rxa5 1/2-1/2

[Event "Belt Road Women 2019"]
[Site "Shaoxing"]
[Date "2019.07.08"]
[Round "1.2"]
[White "Song, Yuxin"]
[Black "Dzagnidze, Nana"]
[Result "1/2-1/2"]
[ECO "C09"]
[WhiteElo "2277"]
[BlackElo "2511"]
[Annotator "ChessBase"]
[PlyCount "117"]
[EventDate "2019.07.08"]
[EventType "swiss"]
[EventCountry "CHN"]
[SourceTitle "playchess.com"]
[Source "ChessBase"]
[SourceQuality "1"]
[TimeControl "5400+30"]

1. e4 e6 2. d4 d5 3. Nd2 c5 4. exd5 exd5 5. Bb5+ Nc6 6. Ngf3 Qe7+ 7. Qe2 Qxe2+ 8. Kxe2 a6 9. Bxc6+ bxc6 10. dxc5 Bxc5 11. Nb3 Bd6 12. Be3 a5 13. a4 Nf6 14. Nc5 O-O 15. Bd4 Re8+ 16. Kf1 Bxc5 17. Bxc5 Ba6+ 18. Kg1 Re2 19. Nd4 Rd2 20. Rc1 Nd7 21. Nb3 Re2 22. Be3 c5 23. Bxc5 Rc8 24. Bd4 Rcxc2 25. h3 Rxc1+ 26. Nxc1 Re4 27. Bc3 Rxa4 28. Nb3 Bc4 29. Nxa5 d4 30. Bd2 Be6 31. Kh2 Ra2 32. Rb1 Ne5 33. f4 Nc4 34. Nxc4 Bxc4 35. Bb4 Ra8 36. Rd1 d3 37. Bc3 f6 38. Kg3 Kf7 39. Kf2 Rd8 40. Ke3 Ke6 41. Ra1 h5 42. g3 Kd5 43. Kd2 Re8 44. Re1 Rxe1 45. Kxe1 Ke4 46. Kf2 h4 47. Bd2 Be6 48. gxh4 Bxh3 49. Kg3 Be6 50. Kf2 Bb3 51. Kg3 Kd4 52. Kf2 Ke4 53. Kg3 g6 54. Kf2 f5 55. Kg3 Kd4 56. Kf2 Ke4 57. Kg3 Kd4 58. Kf2 Ke4 59. Kg3 {[%emt 0:00:04] Ke5} 1/2-1/2

[Event "Belt Road Women 2019"]
[Site "Shaoxing"]
[Date "2019.07.08"]
[Round "1.3"]
[White "Tan, Zhongyi"]
[Black "Pujari, Rucha"]
[Result "0-1"]
[ECO "C58"]
[WhiteElo "2511"]
[BlackElo "2268"]
[Annotator "RC"]
[PlyCount "124"]
[EventDate "2019.07.08"]
[EventType "swiss"]
[EventCountry "CHN"]
[SourceTitle "playchess.com"]
[Source "ChessBase"]
[SourceQuality "1"]
[TimeControl "5400+30"]

1. e4 e5 2. Nf3 Nc6 3. Bc4 Nf6 4. Ng5 d5 5. exd5 Na5 6. Bb5+ c6 7. dxc6 bxc6 8. Bd3 h6 9. Ne4 Nd5 10. Ng3 h5 11. Qe2 Qc7 12. Nxh5 g6 13. c4 Rxh5 14. cxd5 cxd5 15. Nc3 Be6 16. Bb5+ Kd8 17. O-O e4 18. g3 a6 19. Ba4 Nc4 20. d3 exd3 21. Qxd3 Ne5 22. Qd1 Bd6 23. Bb3 Bg4 24. f3 Qc5+ 25. Kh1 Nxf3 26. Rxf3 Bxg3 27. Be3 Rxh2+ 28. Kg1 d4 29. Bd5 dxe3 30. Bxa8+ Bd6 31. b4 Qe5 32. Kf1 Bxf3 33. Qxf3 Rf2+ 34. Qxf2 exf2 35. Rc1 Bxb4 36. Ne4 Be1 37. Rd1+ Kc7 38. Nxf2 Bxf2 39. Kxf2 Qc5+ 40. Ke1 Qe3+ 41. Kf1 f5 42. Re1 Qd3+ 43. Kf2 g5 44. Re7+ Kd6 45. Re2 g4 46. Ke1 Qb1+ 47. Kf2 f4 48. Be4 Qb4 49. Kg2 Qc3 50. Rf2 Qe3 51. Ba8 a5 52. a4 Qd4 53. Ra2 Qc4 54. Rd2+ Ke5 55. Rd8 Qxa4 56. Rd5+ Kf6 57. Rd6+ Ke7 58. Rh6 Qc2+ 59. Kg1 f3 60. Rh2 Qd1+ 61. Kf2 Qd2+ 62. Kg3 Qd6+ 0-1

[Event "Belt Road Women 2019"]
[Site "Shaoxing"]
[Date "2019.07.08"]
[Round "1.4"]
[White "Pratyusha, Bodda"]
[Black "Lei, Tingjie"]
[Result "1-0"]
[ECO "E21"]
[WhiteElo "2265"]
[BlackElo "2505"]
[Annotator "ChessBase"]
[PlyCount "70"]
[EventDate "2019.07.08"]
[EventType "swiss"]
[EventCountry "CHN"]
[SourceTitle "playchess.com"]
[Source "ChessBase"]
[SourceQuality "1"]
[TimeControl "5400+30"]

1. d4 Nf6 2. c4 e6 3. Nc3 Bb4 4. e3 O-O 5. Bd2 b6 6. Nf3 Bb7 7. Bd3 d6 8. O-O Nbd7 9. b3 e5 10. Ne1 Qe7 11. a3 Bxc3 12. Bxc3 exd4 13. exd4 Rae8 14. d5 Ne5 15. Nf3 Nxd3 16. Qxd3 Qe4 17. Qd2 Nh5 18. Rfe1 Qf4 19. Nd4 Qxd2 20. Bxd2 a6 21. a4 Nf6 22. a5 Rxe1+ 23. Rxe1 Re8 24. axb6 cxb6 25. Nf5 Rxe1+ 26. Bxe1 Ne8 27. Bb4 b5 28. Bxd6 g6 29. Ne7+ Kg7 30. Ba3 Kf6 31. c5 a5 32. c6 Ba6 33. d6 b4 34. Nd5+ Ke5 35. d7 Kxd5 1-0

[Event "Belt Road Women 2019"]
[Site "Shaoxing"]
[Date "2019.07.08"]
[Round "1.5"]
[White "Harika, Dronavalli"]
[Black "Zhang, Xiao"]
[Result "1-0"]
[ECO "D05"]
[WhiteElo "2492"]
[BlackElo "2259"]
[Annotator "ChessBase"]
[PlyCount "101"]
[EventDate "2019.07.08"]
[EventType "swiss"]
[EventCountry "CHN"]
[SourceTitle "playchess.com"]
[Source "ChessBase"]
[SourceQuality "1"]
[TimeControl "5400+30"]

1. Nf3 d5 2. d4 Nf6 3. e3 e6 4. Bd3 c5 5. O-O Bd6 6. b3 O-O 7. Bb2 cxd4 8. exd4 b6 9. Qe2 Bb7 10. Nbd2 Nc6 11. a3 Rc8 12. Ne5 Qe7 13. f4 g6 14. g4 Nd7 15. Ndf3 f6 16. Nxd7 Qxd7 17. f5 exf5 18. gxf5 g5 19. Qg2 Qg7 20. Kh1 Rce8 21. Rae1 Bf4 22. Re2 Rxe2 23. Qxe2 Rf7 24. Bc1 Re7 25. Qf2 Bxc1 26. Rxc1 Re8 27. Kg1 g4 28. Kh1 Kf7 29. Rg1 h5 30. Nh4 Qg5 31. Ng2 Ne7 32. h4 Qh6 33. Re1 Nc8 34. Rxe8 Kxe8 35. Qf4 Qg7 36. Kh2 Qe7 37. Qh6 Qd6+ 38. Kg1 g3 39. Qxh5+ Kd8 40. b4 a5 41. Qh8+ Kc7 42. Qg7+ Ne7 43. h5 axb4 44. axb4 Qxb4 45. Qxg3+ Kc8 46. Qe3 Kd8 47. h6 Nc6 48. h7 Qf8 49. Qg3 Ne7 50. Bb5 Kc8 51. Qd6 1-0

[Event "Belt Road Women 2019"]
[Site "Shaoxing"]
[Date "2019.07.08"]
[Round "1.6"]
[White "Li, Yunshan"]
[Black "Khademalsharieh, Sarasadat"]
[Result "1/2-1/2"]
[ECO "E51"]
[WhiteElo "2254"]
[BlackElo "2481"]
[Annotator "RC"]
[PlyCount "40"]
[EventDate "2019.07.08"]
[EventType "swiss"]
[EventCountry "CHN"]
[SourceTitle "playchess.com"]
[Source "ChessBase"]
[SourceQuality "1"]
[TimeControl "5400+30"]

1. d4 Nf6 2. c4 e6 3. Nc3 Bb4 4. Nf3 b6 5. e3 O-O 6. Bd2 d5 7. cxd5 exd5 8. Rc1 Bb7 9. Bd3 Re8 10. O-O Bd6 11. Nb5 Ne4 12. Qc2 c5 13. Nxd6 Qxd6 14. dxc5 bxc5 15. Rfd1 Nd7 16. Be1 f5 17. b4 Rac8 18. Qb1 Qf6 19. Bb5 Re7 20. Bxd7 Rxd7 1/2-1/2

[Event "Belt Road Women 2019"]
[Site "Shaoxing"]
[Date "2019.07.08"]
[Round "1.7"]
[White "Stefanova, Antoaneta"]
[Black "Fominykh, Maria"]
[Result "1-0"]
[ECO "B06"]
[WhiteElo "2474"]
[BlackElo "2243"]
[Annotator "ChessBase"]
[PlyCount "53"]
[EventDate "2019.07.08"]
[EventType "swiss"]
[EventCountry "CHN"]
[SourceTitle "playchess.com"]
[Source "ChessBase"]
[SourceQuality "1"]
[TimeControl "5400+30"]

1. e4 g6 2. d4 Bg7 3. Nc3 d6 4. f4 c6 5. Nf3 b5 6. Bd3 b4 7. Ne2 d5 8. e5 Qb6 9. a3 Na6 10. O-O Nh6 11. Kh1 O-O 12. Bd2 bxa3 13. Rxa3 f6 14. Nc3 fxe5 15. dxe5 Ng4 16. h3 Nh6 17. Qe2 Nf5 18. Kh2 Nc5 19. Bxf5 Bxf5 20. Be3 Qb4 21. Na2 Qe4 22. Ng5 Qxc2 23. Qxc2 Bxc2 24. Rc1 Ne4 25. Ne6 d4 26. Bxd4 c5 27. Be3 1-0

[Event "Belt Road Women 2019"]
[Site "Shaoxing"]
[Date "2019.07.08"]
[Round "1.8"]
[White "Gu, Tianlu"]
[Black "Girya, Olga"]
[Result "1/2-1/2"]
[ECO "B32"]
[WhiteElo "2205"]
[BlackElo "2457"]
[Annotator "RC"]
[PlyCount "114"]
[EventDate "2019.07.08"]
[EventType "swiss"]
[EventCountry "CHN"]
[SourceTitle "playchess.com"]
[Source "ChessBase"]
[SourceQuality "1"]
[TimeControl "5400+30"]

1. e4 c5 2. Nf3 Nc6 3. d4 cxd4 4. Nxd4 e5 5. Nb5 d6 6. c4 g6 7. N1c3 a6 8. Na3 Be6 9. Be3 Bg7 10. g3 Nf6 11. h3 O-O 12. Bg2 Rc8 13. O-O Na5 14. b3 b5 15. Nd5 Nxd5 16. cxd5 Bd7 17. Qd2 Nb7 18. Rac1 Nc5 19. Rc2 f5 20. Bxc5 dxc5 21. Rfc1 Qb6 22. Kh2 f4 23. Nb1 Qd6 24. Qe2 h5 25. Nd2 Bh6 26. Rg1 Rf6 27. Nf3 Rcf8 28. Ne1 fxg3+ 29. fxg3 b4 30. Nf3 Bb5 31. Qd1 a5 32. Re1 a4 33. Nd2 Rf2 34. Nc4 Bxc4 35. bxc4 R2f6 36. h4 Qa6 37. Qa1 Qd6 38. Qd1 Kh7 39. Qd3 g5 40. hxg5 Bxg5 41. Bh3 Rf3 42. Qd1 Kh6 43. Bf5 Ra3 44. Kg2 Rxf5 45. exf5 e4 46. Rxe4 Qxg3+ 47. Kh1 Rf3 48. Rh2 h4 49. Re6+ Kh7 50. Rg6 Qf4 51. Rxg5 Rf1+ 52. Qxf1 Qxf1+ 53. Rg1 Qf3+ 54. Rgg2 Qd1+ 55. Rg1 Qf3+ 56. Rgg2 Qf1+ 57. Rg1 Qf3+ 1/2-1/2

[Event "Belt Road Women 2019"]
[Site "Shaoxing"]
[Date "2019.07.08"]
[Round "1.9"]
[White "Zhu, Jiner"]
[Black "Zhang, Lanlin"]
[Result "1-0"]
[ECO "B04"]
[WhiteElo "2454"]
[BlackElo "2195"]
[Annotator "ChessBase"]
[PlyCount "95"]
[EventDate "2019.07.08"]
[EventType "swiss"]
[EventCountry "CHN"]
[SourceTitle "playchess.com"]
[Source "ChessBase"]
[SourceQuality "1"]
[TimeControl "5400+30"]

1. e4 Nf6 2. e5 Nd5 3. d4 d6 4. Nf3 g6 5. Bc4 Nb6 6. Bb3 Bg7 7. O-O O-O 8. a4 Bg4 9. a5 N6d7 10. h3 Bxf3 11. Qxf3 Nc6 12. c3 a6 13. e6 fxe6 14. Qe2 Kh8 15. Qxe6 Nf6 16. Nd2 d5 17. Nf3 Qd6 18. Ng5 Nd8 19. Qe2 Nd7 20. f4 c5 21. dxc5 Nxc5 22. Bc2 Nf7 23. f5 Nxg5 24. Bxg5 e5 25. Rad1 gxf5 26. Bxf5 Ne6 27. Be3 Nf4 28. Qc2 Ng6 29. Rf2 d4 30. Qe4 Rad8 31. Bg5 Rb8 32. h4 b6 33. h5 Nf4 34. h6 Bf6 35. Rxd4 exd4 36. Bxf4 Qc5 37. Bxb8 Rxb8 38. Qe6 Qe5 39. Re2 Qxe6 40. Rxe6 Rf8 41. axb6 dxc3 42. bxc3 Bxc3 43. b7 Kg8 44. Rxa6 Bd4+ 45. Kh1 Be5 46. g4 Rd8 47. Ra8 Bb8 48. Bc8 1-0

[Event "Belt Road Women 2019"]
[Site "Shaoxing"]
[Date "2019.07.08"]
[Round "1.10"]
[White "Hu, Yu A."]
[Black "Ushenina, Anna"]
[Result "0-1"]
[ECO "C77"]
[WhiteElo "2095"]
[BlackElo "2448"]
[Annotator "NA"]
[PlyCount "42"]
[EventDate "2019.07.08"]
[EventType "swiss"]
[EventCountry "CHN"]
[SourceTitle "playchess.com"]
[Source "ChessBase"]
[SourceQuality "1"]
[TimeControl "5400+30"]

1. e4 e5 2. Nf3 Nc6 3. Bb5 a6 4. Ba4 Nf6 5. d3 Bc5 6. Nc3 d6 7. Nd5 Nxd5 8. exd5 b5 9. dxc6 bxa4 10. c3 O-O 11. h3 Qe8 12. Qxa4 Bf5 13. Qc4 e4 14. Nd4 exd3+ 15. Be3 Bxd4 16. Qxd4 Qxc6 17. O-O-O Rab8 18. g4 Be4 19. Rhe1 Rfe8 20. Rd2 a5 21. f4 Rb4 0-1

[Event "Belt Road Women 2019"]
[Site "Shaoxing"]
[Date "2019.07.08"]
[Round "1.11"]
[White "Batsiashvili, Nino"]
[Black "Xu, Yuze"]
[Result "1/2-1/2"]
[ECO "B36"]
[WhiteElo "2433"]
[BlackElo "2083"]
[Annotator "NA"]
[PlyCount "77"]
[EventDate "2019.07.08"]
[EventType "swiss"]
[EventCountry "CHN"]
[SourceTitle "playchess.com"]
[Source "ChessBase"]
[SourceQuality "1"]
[TimeControl "5400+30"]

1. c4 c5 2. Nf3 Nf6 3. Nc3 Nc6 4. d4 cxd4 5. Nxd4 g6 6. e4 Nxd4 7. Qxd4 d6 8. Be3 Bg7 9. f3 O-O 10. Qd2 a5 11. Rd1 Be6 12. b3 Nd7 13. Be2 Nb6 14. O-O a4 15. f4 axb3 16. axb3 Ra3 17. Qb2 Nxc4 18. bxc4 Qa5 19. f5 Qxc3 20. Qxc3 Rxc3 21. Bg5 Bxc4 22. Bxc4 Rxc4 23. Bxe7 Re8 24. f6 Bf8 25. Bxf8 Kxf8 26. Rxd6 Rcxe4 27. Rb6 Rb8 28. Rfb1 Re6 29. Rxb7 Rxb7 30. Rxb7 Rxf6 31. h4 Kg7 32. g3 g5 33. hxg5 Rf5 34. Kg2 Rxg5 35. Kf3 Kg6 36. Rb6+ f6 37. Rb8 h5 38. Rg8+ Kf7 39. Ra8 1/2-1/2

[Event "Belt Road Women 2019"]
[Site "Shaoxing"]
[Date "2019.07.08"]
[Round "1.12"]
[White "Yan, Tianqi"]
[Black "Tokhirjonova, Gulrukhbegim"]
[Result "0-1"]
[ECO "C78"]
[WhiteElo "2034"]
[BlackElo "2422"]
[Annotator "NA"]
[PlyCount "90"]
[EventDate "2019.07.08"]
[EventType "swiss"]
[EventCountry "CHN"]
[SourceTitle "playchess.com"]
[Source "ChessBase"]
[SourceQuality "1"]
[TimeControl "5400+30"]

1. e4 e5 2. Nf3 Nc6 3. Bb5 a6 4. Ba4 Nf6 5. O-O b5 6. Bb3 Bc5 7. c3 d6 8. d4 Bb6 9. h3 O-O 10. Re1 h6 11. a4 Bb7 12. Bc2 Re8 13. d5 Ne7 14. axb5 axb5 15. Rxa8 Bxa8 16. Na3 c6 17. dxc6 Bxc6 18. Qe2 Qb8 19. Bd3 b4 20. cxb4 d5 21. Nd2 Ng6 22. g3 Qc8 23. Qf1 Qe6 24. exd5 Nxd5 25. b5 Ba8 26. Nac4 Ba7 27. Be4 f5 28. Bg2 e4 29. Nb1 Rc8 30. Nba3 Qf6 31. Rd1 Bc5 32. b3 Qf7 33. Kh2 Re8 34. Ne3 f4 35. Nxd5 Bxd5 36. h4 Bxb3 37. Re1 Ne5 38. Bxe4 Ng4+ 39. Kg2 Bxf2 40. Re2 Rxe4 41. Rxe4 Bd5 42. Qd3 Qf5 43. Kf3 fxg3+ 44. Ke2 Bxe4 45. Qd8+ Kh7 0-1

[Event "Belt Road Women 2019"]
[Site "Shaoxing"]
[Date "2019.07.08"]
[Round "1.13"]
[White "Munguntuul, Batkhuyag"]
[Black "Bai, Xue"]
[Result "1-0"]
[ECO "C77"]
[WhiteElo "2412"]
[BlackElo "2029"]
[Annotator "NA"]
[PlyCount "51"]
[EventDate "2019.07.08"]
[EventType "swiss"]
[EventCountry "CHN"]
[SourceTitle "playchess.com"]
[Source "ChessBase"]
[SourceQuality "1"]
[TimeControl "5400+30"]

1. e4 e5 2. Nf3 Nc6 3. Bb5 a6 4. Ba4 Nf6 5. d3 b5 6. Bb3 Be7 7. Nc3 O-O 8. a3 d6 9. Nd5 Na5 10. Ba2 Nxd5 11. Bxd5 c6 12. Ba2 Kh8 13. Bd2 Nb7 14. Qe2 c5 15. Bd5 Qc7 16. h4 Bg4 17. Qe3 Be6 18. Ng5 Bxd5 19. exd5 Kg8 20. g4 Bxg5 21. hxg5 f5 22. Rxh7 fxg4 23. g6 Rf3 24. Qg5 Rh3 25. Rxh3 gxh3 26. Qh5 1-0

[Event "Belt Road Women 2019"]
[Site "Shaoxing"]
[Date "2019.07.08"]
[Round "1.14"]
[White "Du, Yuxin"]
[Black "Ni, Shiqun"]
[Result "0-1"]
[ECO "B04"]
[WhiteElo "2015"]
[BlackElo "2407"]
[Annotator "NA"]
[PlyCount "104"]
[EventDate "2019.07.08"]
[EventType "swiss"]
[EventCountry "CHN"]
[SourceTitle "playchess.com"]
[Source "ChessBase"]
[SourceQuality "1"]
[TimeControl "5400+30"]

1. e4 Nf6 2. e5 Nd5 3. c4 Nb6 4. d4 d6 5. exd6 cxd6 6. Nc3 g6 7. Be3 Bg7 8. Rc1 O-O 9. Nf3 Bg4 10. Be2 Nc6 11. b3 d5 12. c5 Nc8 13. O-O Bxf3 14. Bxf3 e6 15. Ne2 N8e7 16. Bg4 Qd7 17. Qd2 Rfd8 18. Bh6 Bh8 19. h4 f5 20. Bh3 e5 21. dxe5 Nxe5 22. Nd4 N5c6 23. Nb5 d4 24. h5 Ne5 25. Nd6 Nf7 26. Nxf7 Kxf7 27. hxg6+ hxg6 28. Bf4 Nd5 29. Bd6 Bf6 30. g3 Nc3 31. Rfe1 Re8 32. Bf1 Kg7 33. Rxe8 Qxe8 34. Re1 Qd7 35. Bg2 Rd8 36. b4 Qf7 37. a3 Nb5 38. Bf4 Nxa3 39. Qd3 Nc4 40. Bxb7 Nb2 41. Qf3 d3 42. c6 d2 43. Rd1 Nxd1 44. c7 Qxc7 45. Bxc7 Nxf2 46. Bxd8 d1=Q+ 47. Kxf2 Qxd8 48. Qd5 Qb6+ 49. Kf3 Qxb4 50. Qd7+ Kh6 51. Bd5 Qg4+ 52. Kg2 Be5 0-1

[Event "Belt Road Women 2019"]
[Site "Shaoxing"]
[Date "2019.07.08"]
[Round "1.15"]
[White "Soumya, Swaminathan"]
[Black "Zhang, Yuxuan"]
[Result "1-0"]
[ECO "B47"]
[WhiteElo "2402"]
[BlackElo "1987"]
[Annotator "NA"]
[PlyCount "87"]
[EventDate "2019.07.08"]
[EventType "swiss"]
[EventCountry "CHN"]
[SourceTitle "playchess.com"]
[Source "ChessBase"]
[SourceQuality "1"]
[TimeControl "5400+30"]

1. e4 c5 2. Nf3 e6 3. d4 cxd4 4. Nxd4 Nc6 5. Nc3 a6 6. Be2 Qc7 7. O-O b5 8. Nxc6 dxc6 9. a4 b4 10. Nb1 Nf6 11. Bd3 a5 12. Qe2 Bd6 13. h3 e5 14. Nd2 Be6 15. Nc4 Bxc4 16. Bxc4 O-O 17. Bg5 Nd7 18. Qg4 Kh8 19. Rfd1 Nb6 20. Bd3 Bc5 21. c3 f6 22. Bd2 Rfd8 23. Qe2 bxc3 24. Bxc3 Bd4 25. Qe1 Qa7 26. b3 c5 27. Rac1 Rdc8 28. Bb5 Rc7 29. Rc2 Nc8 30. Rdc1 Nd6 31. Bxd4 exd4 32. Bd3 Re8 33. Re2 Rce7 34. f4 Qb6 35. e5 fxe5 36. fxe5 Nf7 37. Qh4 g6 38. e6 Rxe6 39. Bxg6 Rxg6 40. Rxe8+ Kg7 41. Qe7 Qd6 42. Rxc5 d3 43. Qxd6 Rxd6 44. Re1 1-0

[Event "Belt Road Women 2019"]
[Site "Shaoxing"]
[Date "2019.07.08"]
[Round "1.16"]
[White "Peng, Tianlu"]
[Black "Munkhzul, Turmunkh"]
[Result "0-1"]
[ECO "A15"]
[WhiteElo "1901"]
[BlackElo "2386"]
[Annotator "NA"]
[PlyCount "56"]
[EventDate "2019.07.08"]
[EventType "swiss"]
[EventCountry "CHN"]
[SourceTitle "playchess.com"]
[Source "ChessBase"]
[SourceQuality "1"]
[TimeControl "5400+30"]

1. Nf3 Nf6 2. c4 g6 3. b4 Bg7 4. Bb2 O-O 5. g3 d6 6. Bg2 Nbd7 7. O-O e5 8. d3 a5 9. b5 Rb8 10. Nfd2 b6 11. Nc3 Nc5 12. Nb3 Ne6 13. e3 Ng5 14. d4 e4 15. Qc2 Bf5 16. Nd2 Re8 17. Rac1 Qd7 18. h4 Nf3+ 19. Kh1 g5 20. hxg5 Nxg5 21. c5 Bh3 22. Rg1 d5 23. a4 Ng4 24. Rcf1 Re6 25. Bxh3 Nxh3 26. Rg2 Rh6 27. Rh2 Nxh2 28. Kg2 Nf4+ 0-1

[Event "Belt Road Women 2019"]
[Site "Shaoxing"]
[Date "2019.07.08"]
[Round "1.17"]
[White "Guo, Qi"]
[Black "Zhou, Yafei"]
[Result "1-0"]
[ECO "D46"]
[WhiteElo "2375"]
[BlackElo "1720"]
[Annotator "NA"]
[PlyCount "79"]
[EventDate "2019.07.08"]
[EventType "swiss"]
[EventCountry "CHN"]
[SourceTitle "playchess.com"]
[Source "ChessBase"]
[SourceQuality "1"]
[TimeControl "5400+30"]

1. d4 d5 2. c4 c6 3. Nf3 Nf6 4. e3 e6 5. Bd3 Bd6 6. O-O O-O 7. Nbd2 Nbd7 8. e4 dxe4 9. Nxe4 Nxe4 10. Bxe4 Nf6 11. Bc2 b6 12. Ne5 Qc7 13. Re1 Bb7 14. Bg5 Be7 15. Qd3 g6 16. Qh3 Ne8 17. Bh6 Ng7 18. Rad1 f5 19. Nf3 Bf6 20. Bg5 Qe7 21. Qh4 Nh5 22. Bb3 Bxg5 23. Qxg5 Qxg5 24. Nxg5 Ng7 25. Nxe6 Nxe6 26. Rxe6 Rfe8 27. Rde1 Kf7 28. c5 Rxe6 29. Rxe6 Rc8 30. Rxc6+ Ke7 31. Rxc8 Bxc8 32. f4 bxc5 33. dxc5 Bd7 34. Bd5 Kd8 35. b4 Kc7 36. Kf2 h6 37. h4 Be8 38. Ke3 Kd7 39. Kd4 Ke7 40. Ke5 1-0

[Event "Belt Road Women 2019"]
[Site "Shaoxing"]
[Date "2019.07.09"]
[Round "2.1"]
[White "Ni, Shiqun"]
[Black "Harika, Dronavalli"]
[Result "1/2-1/2"]
[ECO "B15"]
[WhiteElo "2407"]
[BlackElo "2492"]
[Annotator "ChessBase"]
[PlyCount "42"]
[EventDate "2019.07.08"]
[EventType "swiss"]
[EventCountry "CHN"]
[SourceTitle "playchess.com"]
[Source "ChessBase"]
[SourceQuality "1"]
[TimeControl "5400+30"]

1. e4 c6 2. d4 d5 3. Nc3 dxe4 4. Nxe4 Nf6 5. Nxf6+ exf6 6. Bc4 Bd6 7. Qe2+ Qe7 8. Qxe7+ Kxe7 9. Ne2 Bf5 10. c3 Re8 11. f3 Nd7 12. Kf2 Nb6 13. Bb3 Kf8 14. Bd2 Bd3 15. Rae1 c5 16. Nf4 Bc4 17. dxc5 Bxc5+ 18. Kg3 Bd6 19. Kf2 Bc5+ 20. Kg3 Bd6 21. Kf2 Bc5+ 1/2-1/2

[Event "Belt Road Women 2019"]
[Site "Shaoxing"]
[Date "2019.07.09"]
[Round "2.2"]
[White "Soumya, Swaminathan"]
[Black "Stefanova, Antoaneta"]
[Result "1/2-1/2"]
[ECO "C45"]
[WhiteElo "2402"]
[BlackElo "2474"]
[Annotator "ChessBase"]
[PlyCount "93"]
[EventDate "2019.07.08"]
[EventType "swiss"]
[EventCountry "CHN"]
[SourceTitle "playchess.com"]
[Source "ChessBase"]
[SourceQuality "1"]
[TimeControl "5400+30"]

1. e4 e5 2. Nf3 Nc6 3. d4 exd4 4. Nxd4 Qf6 5. Nxc6 Bc5 6. Qf3 dxc6 7. Nc3 Qxf3 8. gxf3 Be6 9. Rg1 g6 10. Be3 Bxe3 11. fxe3 O-O-O 12. Ne2 f6 13. Nd4 Bd7 14. b4 Nh6 15. Bd3 Rde8 16. Ke2 Re5 17. Nb3 Rh5 18. Rg2 Re8 19. Kd2 Nf7 20. c4 Be6 21. Kc3 Rh3 22. Nd4 Bd7 23. c5 Re5 24. Bc4 Ng5 25. Rf1 a5 26. a3 b6 27. cxb6 cxb6 28. Kb2 Re7 29. Rc2 axb4 30. Ba6+ Kc7 31. axb4 Ne6 32. Bc4 Nxd4 33. exd4 Kd6 34. Bb3 g5 35. Ba4 g4 36. fxg4 Rxe4 37. Bxc6 Rxd4 38. Bxd7 Rxb4+ 39. Kc1 Kxd7 40. Rxf6 b5 41. Rb6 Rc4 42. Rxb5 Rxc2+ 43. Kxc2 Rxh2+ 44. Kd3 Rh4 45. Ke3 Rxg4 46. Rb7+ Ke6 47. Rxh7 1/2-1/2

[Event "Belt Road Women 2019"]
[Site "Shaoxing"]
[Date "2019.07.09"]
[Round "2.3"]
[White "Munkhzul, Turmunkh"]
[Black "Zhu, Jiner"]
[Result "0-1"]
[ECO "A48"]
[WhiteElo "2386"]
[BlackElo "2454"]
[Annotator "ChessBase"]
[PlyCount "110"]
[EventDate "2019.07.08"]
[EventType "swiss"]
[EventCountry "CHN"]
[SourceTitle "playchess.com"]
[Source "ChessBase"]
[SourceQuality "1"]
[TimeControl "5400+30"]

1. d4 Nf6 2. Nf3 g6 3. c4 Bg7 4. Nc3 O-O 5. Bf4 d6 6. h3 Nbd7 7. e3 Qe8 8. Be2 e5 9. Bh2 Qe7 10. O-O a6 11. Qc2 b6 12. Rad1 Bb7 13. Rfe1 Rfe8 14. d5 Rac8 15. b4 Red8 16. Bg3 c6 17. dxc6 Bxc6 18. Qb3 Ne4 19. Bh4 Bf6 20. Nxe4 Bxe4 21. Bg3 Nf8 22. Nd2 Bc6 23. b5 axb5 24. cxb5 Ba8 25. Nc4 Qc7 26. Rc1 Ne6 27. Qa3 Nc5 28. Bg4 Rb8 29. Red1 h5 30. Be2 Qe7 31. f3 h4 32. Bf2 e4 33. f4 Rd7 34. Rc2 Ra7 35. Qb4 Ra4 36. Qb1 Nd3 37. Qb3 Rb4 38. Qa3 Bd5 39. Nxb6 Rxb6 40. Bxd3 exd3 41. Rc8+ Kh7 42. Qxb4 Rxb5 43. Qxb5 Qe4 44. Kf1 Qxg2+ 45. Ke1 Qh1+ 46. Kd2 Qf3 47. Be1 Qe2+ 48. Kc1 d2+ 49. Rxd2 Qxb5 50. Rc7 Be4 51. Kd1 Kg7 52. Rf2 Qf5 53. Rh2 Bf3+ 54. Kc1 Qd3 55. Rd2 Qf1 0-1

[Event "Belt Road Women 2019"]
[Site "Shaoxing"]
[Date "2019.07.09"]
[Round "2.4"]
[White "Ushenina, Anna"]
[Black "Guo, Qi"]
[Result "1/2-1/2"]
[ECO "E04"]
[WhiteElo "2448"]
[BlackElo "2375"]
[Annotator "NA"]
[PlyCount "50"]
[EventDate "2019.07.08"]
[EventType "swiss"]
[EventCountry "CHN"]
[SourceTitle "playchess.com"]
[Source "ChessBase"]
[SourceQuality "1"]
[TimeControl "5400+30"]

1. d4 d5 2. Nf3 Nf6 3. c4 e6 4. g3 dxc4 5. Bg2 c5 6. O-O Nc6 7. Qa4 Bd7 8. Qxc4 b5 9. Qc3 b4 10. Qd3 Rc8 11. dxc5 Bxc5 12. Be3 Bxe3 13. Qxe3 Qb6 14. Qxb6 axb6 15. Nbd2 Na5 16. Rfc1 Ke7 17. Ne5 Rxc1+ 18. Rxc1 Rc8 19. Rxc8 Bxc8 20. e3 Ba6 21. Bf1 Bb7 22. Nd3 b3 23. axb3 Ne4 24. Nxe4 Bxe4 25. Nc1 Bd5 1/2-1/2

[Event "Belt Road Women 2019"]
[Site "Shaoxing"]
[Date "2019.07.09"]
[Round "2.5"]
[White "Tokhirjonova, Gulrukhbegim"]
[Black "Pratyusha, Bodda"]
[Result "1-0"]
[ECO "B81"]
[WhiteElo "2422"]
[BlackElo "2265"]
[Annotator "NA"]
[PlyCount "95"]
[EventDate "2019.07.08"]
[EventType "swiss"]
[EventCountry "CHN"]
[SourceTitle "playchess.com"]
[Source "ChessBase"]
[SourceQuality "1"]
[TimeControl "5400+30"]

1. e4 c5 2. Nf3 d6 3. d4 cxd4 4. Nxd4 Nf6 5. Nc3 a6 6. h3 e6 7. g4 Nfd7 8. g5 b5 9. Be3 Bb7 10. a3 Nc6 11. h4 Be7 12. Qd2 Qc7 13. O-O-O O-O 14. h5 Nxd4 15. Bxd4 Nc5 16. f3 e5 17. Be3 f5 18. gxf6 Rxf6 19. Rg1 Bf8 20. Rg3 Qf7 21. Be2 Ne6 22. Rdg1 Nf4 23. Bxf4 Rxf4 24. Rxg7+ Qxg7 25. Rxg7+ Kxg7 26. Nd1 Be7 27. Ne3 Raf8 28. a4 h6 29. Kb1 Rh4 30. axb5 axb5 31. Bxb5 Rxh5 32. Bd7 Rg5 33. Nf5+ Rfxf5 34. Bxf5 Ba6 35. f4 exf4 36. Qd4+ Kf7 37. Qd5+ Kg7 38. Qe6 Bf8 39. e5 dxe5 40. Qxe5+ Kg8 41. Be6+ Kh7 42. Qe4+ Kg7 43. Qxf4 Rg1+ 44. Ka2 Rf1 45. Qe5+ Rf6 46. Qg3+ Rg6 47. Qc7+ Kf6 48. Qf7+ 1-0